 Dungeon Crawl Stone Soup version 0.21.1-68-g103a7af (webtiles) character file.

329 wilfster70 the Magician (level 6, -3/44 HPs)
             Began as a Gnoll Wizard on July 30, 2018.
             Slain by Duvessa
             ... wielding a +0 short sword
              (8 damage)
             ... on level 4 of the Dungeon on Aug 2, 2018.
             The game lasted 00:19:23 (5050 turns).

wilfster70 the Magician (Gnoll Wizard)              Turns: 5050, Time: 00:19:24

Health: -3/44      AC:  2    Str: 17    XL:     6   Next: 50%
Magic:  2/16       EV: 14    Int: 20    God:
Gold:   66         SH:  0    Dex: 13    Spells: 8/19 levels left

rFire    . . .     SeeInvis .   a - +1 dagger (venom)
rCold    . . .     Gourm    .   (no shield)
rNeg     . . .     Faith    .   g - +0 robe
rPois    .         Spirit   .   b - +0 hat
rElec    .         Reflect  .   (no cloak)
rCorr    .         Harm     .   (no gloves)
MR       .....                  (no boots)
Stlth    +.........             (no amulet)
HPRegen  0.14/turn              e - +5 ring of strength
MPRegen  0.15/turn              (no ring)

@: lethally poisoned (-3 -> -7), very slightly contaminated, glowing
A: distributed training, fangs 1, strong nose
a: no special abilities


You were on level 4 of the Dungeon.
You were not hungry.

You visited 1 branch of the dungeon, and saw 4 of its levels.

You collected 66 gold pieces.

Inventory:

Hand Weapons
 a - a +1 dagger of venom (weapon)
 w - a +0 blowgun
Missiles
 i - 93 stones (quivered)
 s - 11 poisoned needles
Armour
 b - a +0 hat (worn)
 g - a +0 robe (worn)
Jewellery
 e - a +5 ring of strength (left hand)
 l - an uncursed ring of ice
Scrolls
 f - 3 scrolls of teleportation
 j - 2 scrolls of amnesia
 k - a scroll of remove curse
 n - a scroll of enchant armour {unknown}
 o - a scroll of fear {unknown}
 t - a scroll of magic mapping {unknown}
Potions
 p - a potion of curing
 r - 2 potions of lignification
Books
 c - a book of Minor Magic

   Spells                             Type                      Level
   a - Magic Dart                     Conjuration                  1
   b - Blink                          Translocation                2
   c - Call Imp                       Summoning                    2
   d - Slow                           Hexes                        2
   e - Conjure Flame                  Conjuration/Fire             3
   f - Mephitic Cloud                 Conjuration/Poison/Air       3
 q - a book of Maledictions

   Spells                             Type                      Level
   a - Corona                         Hexes                        1
   b - Ensorcelled Hibernation        Hexes/Ice                    2
   c - Confuse                        Hexes                        3
   d - Tukima's Dance                 Hexes                        3
   e - Dazzling Spray                 Conjuration/Hexes            3
Comestibles
 d - 5 rations


   Skills:
 + Level 2.0 Fighting
 + Level 2.0 Short Blades
 + Level 2.0 Long Blades
 + Level 2.0 Axes
 + Level 2.0 Maces & Flails
 + Level 2.0 Polearms
 + Level 2.0 Staves
 + Level 2.0 Slings
 + Level 2.0 Bows
 + Level 2.0 Crossbows
 + Level 2.0 Throwing
 + Level 2.0 Armour
 + Level 5.0 Dodging
 + Level 4.6 Stealth
 + Level 2.0 Shields
 + Level 2.0 Unarmed Combat
 + Level 7.4 Spellcasting
 + Level 2.6 Conjurations
 + Level 1.5 Hexes
 + Level 1.5 Charms
 + Level 2.6 Summonings
 + Level 1.5 Necromancy
 + Level 2.6 Translocations
 + Level 1.5 Transmutations
 + Level 1.5 Fire Magic
 + Level 1.5 Ice Magic
 + Level 1.5 Air Magic
 + Level 1.5 Earth Magic
 + Level 1.5 Poison Magic
 + Level 2.1 Invocations
 + Level 2.0 Evocations


You had 8 spell levels left.
You knew the following spells:

 Your Spells              Type           Power        Failure   Level  Hunger
a - Magic Dart            Conj           ###.         3%          1    None
b - Call Imp              Summ           ###.....     4%          2    None
c - Conjure Flame         Conj/Fire      ###.....     12%         3    #......
d - Mephitic Cloud        Conj/Pois/Air  ###.....     12%         3    #......
g - Blink                 Tloc           N/A          4%          2    None


Dungeon Overview and Level Annotations

Branches:
Dungeon (4/15)
 Temple: D:4-7

Altars:
Makhleb
Qazlal
Wu Jian

Annotations:
D:3 Bluemoon111's ghost, weakling GrEE
D:4 Dowan; Duvessa


Innate Abilities, Weirdness & Mutations

Your experience applies equally to all skills.
You have very sharp teeth.
Your uncanny sense of smell can sniff out nearby items.


Message History

The worker ant poisons you!
You barely miss the worker ant.
You feel sick. The worker ant barely misses you.
You hit the worker ant.
The worker ant is poisoned.
The worker ant is moderately wounded.
You feel sick. Duvessa hits you with a short sword.
Dowan gestures at you while chanting.
You are outlined in light.
The worker ant bites you.
Dowan gestures wildly while chanting.
Dowan blinks!
Duvessa hits you with a short sword. Duvessa hits you with a short sword!
* * * LOW HITPOINT WARNING * * *
You hit Dowan.
Dowan is lightly wounded.
You feel sick. Duvessa hits you with a short sword.
* * * LOW HITPOINT WARNING * * *
Dowan hits you with a dagger.
* * * LOW HITPOINT WARNING * * *
The worker ant misses you. Duvessa hits you with a short sword!
You die...

#e##.# #..# # #.##.#
#..# # #e#.#.# #..# #
#..# #.#####..# # #.##
##.......# #
##.###.#####.#########
##.#.................
##e######.##########
#ยง@e# #.##########
###a# #.....>..... #.#
########.### #.# #.#
#.# #.# #.# #.# #.#
#.# #.# ..# #.# ###


You could see Duvessa, Dowan and a worker ant.

Vanquished Creatures
  A scorpion (D:4)
  A jelly (D:4)
  An orc priest (D:3)
  An iguana (D:4)
  A worker ant (D:2)
  3 gnolls (D:3)
  5 adders
  4 oozes
  3 worms (D:3)
  A dart slug (D:1)
  A leopard gecko (D:2)
  5 orcs
  A giant cockroach (D:3)
  7 goblins
  10 hobgoblins
  3 jackals (D:2)
  3 kobolds
  4 quokkas
  A ball python (D:2)
  7 bats
  5 frilled lizards
  9 rats
77 creatures vanquished.

Notes
Turn   | Place    | Note
-------+----------+-------------------------------------------
     0 | D:1      | wilfster70 the Gnoll Wizard began the quest for the Orb.
     0 | D:1      | Reached XP level 1. HP: 13/13 MP: 8/8
    64 | D:1      | Reached XP level 2. HP: 19/19 MP: 1/10
    68 | D:1      | Learned a level 2 spell: Call Imp
    71 | D:1      | Learned a level 2 spell: Blink
   704 | D:1      | Reached XP level 3. HP: 25/25 MP: 8/11
   709 | D:1      | Learned a level 3 spell: Conjure Flame
  1339 | D:2      | Reached skill level 1 in Invocations
  1617 | D:2      | Reached skill level 1 in Fighting
  1617 | D:2      | Reached skill level 1 in Short Blades
  1617 | D:2      | Reached skill level 1 in Long Blades
  1617 | D:2      | Reached skill level 1 in Axes
  1617 | D:2      | Reached skill level 1 in Maces & Flails
  1617 | D:2      | Reached skill level 1 in Polearms
  1617 | D:2      | Reached skill level 1 in Staves
  1617 | D:2      | Reached skill level 1 in Slings
  1617 | D:2      | Reached skill level 1 in Bows
  1617 | D:2      | Reached skill level 1 in Crossbows
  1617 | D:2      | Reached skill level 1 in Throwing
  1617 | D:2      | Reached skill level 1 in Armour
  1617 | D:2      | Reached skill level 1 in Shields
  1617 | D:2      | Reached skill level 1 in Unarmed Combat
  1617 | D:2      | Reached skill level 1 in Evocations
  1620 | D:2      | Reached XP level 4. HP: 29/32 MP: 2/13
  2086 | D:2      | Reached skill level 1 in Hexes
  2086 | D:2      | Reached skill level 1 in Charms
  2086 | D:2      | Reached skill level 1 in Necromancy
  2086 | D:2      | Reached skill level 1 in Transmutations
  2086 | D:2      | Reached skill level 1 in Fire Magic
  2086 | D:2      | Reached skill level 1 in Ice Magic
  2086 | D:2      | Reached skill level 1 in Air Magic
  2086 | D:2      | Reached skill level 1 in Earth Magic
  2086 | D:2      | Reached skill level 1 in Poison Magic
  2820 | D:3      | Found a burning altar of Makhleb.
  2823 | D:3      | Found an ornate altar of the Wu Jian Council.
  2826 | D:3      | Found a stormy altar of Qazlal.
  2912 | D:3      | Reached XP level 5. HP: 29/37 MP: 12/14
  2973 | D:3      | Noticed Bluemoon111's ghost (weakling GrEE)
  3111 | D:3      | Upgraded the game from 0.21.1-1-g345015f to 0.21.1-68-g103a7af
  3115 | D:3      | Learned a level 3 spell: Mephitic Cloud
  4496 | D:4      | Reached XP level 6. HP: 14/44 MP: 13/16
  4981 | D:4      | Reached skill level 5 in Dodging
  5014 | D:4      | Noticed Duvessa
  5020 | D:4      | Noticed Dowan
  5050 | D:4      | Slain by Duvessa

Skill      XL: |  1  2  3  4  5  6 |
---------------+-------------------+-----
Conjurations   | 2 |  2.6
Summonings     | 2 |  2.6
Translocations | 2 |  2.6
Invocations    | 1 2 |  2.1
Fighting       | 1 2 |  2.0
Short Blades   | 1 2 |  2.0
Long Blades    | 1 2 |  2.0
Axes           | 1 2 |  2.0
Maces & Flails | 1 2 |  2.0
Polearms       | 1 2 |  2.0
Staves         | 1 2 |  2.0
Slings         | 1 2 |  2.0
Bows           | 1 2 |  2.0
Crossbows      | 1 2 |  2.0
Throwing       | 1 2 |  2.0
Armour         | 1 2 |  2.0
Shields        | 1 2 |  2.0
Unarmed Combat | 1 2 |  2.0
Evocations     | 1 2 |  2.0
Hexes          | 1 |  1.5
Charms         | 1 |  1.5
Necromancy     | 1 |  1.5
Transmutations | 1 |  1.5
Fire Magic     | 1 |  1.5
Ice Magic      | 1 |  1.5
Air Magic      | 1 |  1.5
Earth Magic    | 1 |  1.5
Poison Magic   | 1 |  1.5
Dodging        | 5 |  5.0
Stealth        | |  4.6
Spellcasting   | |  7.4

Action                   |  1- 3 |  4- 6 || total
-------------------------+-------+-------++-------
Melee: Dagger            |    29 |    74 ||   103
       Bite              |     1 |     4 ||     5
 Fire: Blowgun           |       |     3 ||     3
Throw: Stone             |       |     1 ||     1
 Cast: Magic Dart        |    75 |    94 ||   169
       Conjure Flame     |       |     2 ||     2
  Use: Scroll            |       |     6 ||     6
 Stab: Sleeping          |     3 |     5 ||     8
  Eat: Chunk             |     2 |     7 ||     9
       Ration            |       |     1 ||     1
Armor: Robe              |     5 |     7 ||    12
Dodge: Dodged            |    47 |    47 ||    94
